 Dungeon Crawl Stone Soup version 0.25.0-41-g26779e291d (webtiles) character file.

Game seed: 12547188029869931343

5796 Ethylacetat the Spear-Bearer (level 10, -4/71 HPs)
             Began as an Octopode Gladiator on July 10, 2020.
             Was a Priest of Vehumet.
             Slain by a wyvern (14 damage)
             ... on level 10 of the Dungeon.
             The game lasted 00:22:19 (9481 turns).

Ethylacetat the Spear-Bearer (Octopode Gladiator)   Turns: 9481, Time: 00:22:20

Health: -4/71      AC:  3    Str: 17    XL:     10   Next: 79%
Magic:  18/18      EV: 14    Int: 10    God:    Vehumet [***...]
Gold:   400        SH:  0    Dex: 14    Spells: 15/20 levels left

rFire    . . .     SeeInvis .   a - +0 trident
rCold    . . .     Gourm    .   (no shield)
rNeg     . . .     Faith    .   b - +0 hat
rPois    +         Spirit   .   v - amulet of the acrobat
rElec    .         Reflect  .   (no ring)
rCorr    .         Harm     .   (no ring)
MR       .....                  (no ring)
Stlth    ++++......             (no ring)
HPRegen  0.61/turn              (no ring)
MPRegen  0.16/turn              (no ring)
                                (no ring)
                                (no ring)

@: no status effects
A: almost no armour, stealthy swim, amphibious, 8 rings, constrict 8, antennae
1, tentacle spike 1, molten scales 1, camouflage 1, poison resistance,
regeneration 1, gelatinous body 1
a: Renounce Religion


You were on level 10 of the Dungeon.
You worshipped Vehumet.
Vehumet was most pleased with you.
You were near starving.

You visited 2 branches of the dungeon, and saw 11 of its levels.
You also visited: Ossuary.

You collected 400 gold pieces.

Inventory:

Hand Weapons
 a - a +0 trident (weapon)
Missiles
 c - 7 throwing nets (quivered)
Armour
 b - a +0 hat (worn)
Jewellery
 v - an amulet of the acrobat (around mantle)
 E - an uncursed ring of flight
Wands
 g - a wand of random effects (7)
 y - a wand of flame (12)
Scrolls
 h - 15 scrolls of identify {unknown}
 i - 9 scrolls of remove curse {unknown}
 k - a scroll of fog {unknown}
 l - 4 scrolls of immolation {unknown}
 n - 3 scrolls of enchant armour {unknown}
 o - a scroll of amnesia {unknown}
 p - 6 scrolls of teleportation {unknown}
 q - a scroll of noise {unknown}
 s - 2 scrolls of blinking {unknown}
 w - a scroll of random uselessness {unknown}
 x - 3 scrolls of magic mapping {unknown}
 F - a scroll of enchant weapon {unknown}
Potions
 e - 2 potions of resistance
 f - 4 potions of haste
 j - a potion of heal wounds {unknown}
 m - a potion of cancellation {unknown}
 r - a potion of stabbing {unknown}
 t - 2 potions of curing
 u - 4 potions of lignification
 A - a potion of ambrosia {unknown}
 B - a potion of invisibility
 C - a potion of magic {unknown}
Comestibles
 d - 25 rations


   Skills:
 + Level 7.0 Fighting
 * Level 11.1 Polearms
 - Level 2.0 Throwing
 - Level 3.0 Dodging
 - Level 4.4 Stealth
 + Level 5.5 Spellcasting
 + Level 6.0 Transmutations


You had 15 spell levels left.
You knew the following spells:

 Your Spells              Type           Power        Failure   Level  Hunger
a - Blade Hands           Tmut           ##........   45%         5    ######.

Your spell library contained the following spells:

 Spells                   Type           Power        Failure   Level  Hunger
 Mephitic Cloud           Conj/Pois/Air  #.......     17%         3    ###....
 Beastly Appendage        Tmut           ##....       1%          1    None
 Sticks to Snakes         Tmut           ##......     2%          2    ##.....
 Freeze                   Ice            #...         6%          1    None
 Magic Dart               Conj           #...         6%          1    None
 Sandblast                Erth           #.....       6%          1    None
 Searing Ray              Conj           #.....       9%          2    ##.....
 Passwall                 Tmut/Erth      #.......     10%         2    ##.....
 Dazzling Flash           Conj/Hex       #.....       17%         3    ###....
 Frozen Ramparts          Ice            #.....       17%         3    ###....
 Stone Arrow              Conj/Erth      #.....       17%         3    ###....
 Spider Form              Tmut/Pois      #.........   19%         3    ###....
 Fulminant Prism          Conj/Hex       #.........   45%         4    ####...
 Hailstorm                Conj/Ice       #.......     45%         4    ####...
 Iskenderun's Mystic Bla  Conj/Tloc      #.......     45%         4    ####...
 Ice Form                 Ice/Tmut       #.......     52%         4    ####...
 Petrify                  Tmut/Erth      #.......     52%         4    ####...
 Ozocubu's Armour         Chrm/Ice       #.......     54%         3    ###....
 Lee's Rapid Deconstruct  Erth           #.........   80%         5    ######.
 Summon Ice Beast         Ice/Summ       #.......     91%         4    ####...


Dungeon Overview and Level Annotations

Branches:
Dungeon (10/15)            Temple (1/1) D:5            Lair (0/6) D:8
Ossuary (visited)
    Orc: D:9-12

Altars:
Ashenzari
Cheibriados
Dithmenos
Elyvilon
Fedhas
Gozag
Hepliaklqana
Kikubaaqudgha
Makhleb
Nemelex Xobeh
Okawaru
Qazlal
Ru
Sif Muna
Trog
Uskayaw
Vehumet
Wu Jian
Xom
Yredelemnul
Zin
The Shining One

Annotations:
D:9 1 runed translucent door


Innate Abilities, Weirdness & Mutations

You cannot wear most types of armour.
You are very stealthy in the water. (Stealth+)
You are amphibious.
You can wear up to eight rings at the same time.
You can use your tentacles to constrict eight enemies at once.
Your skin changes colour to match your surroundings (Stealth+).
Your rubbery body absorbs attacks. (AC +1, EV +1)
You have a pair of small antennae on your head.
One of your tentacles bears a spike.
You are partially covered in molten scales. (AC +2)
Your system is resistant to poisons. (rPois)
Your natural rate of healing is unusually fast.


Message History

t - 2 potions of curing (gained 1)
Found a stone staircase leading down.
A wyvern comes into view.
The wyvern bites you.
You hit the wyvern but do no damage. The wyvern bites you.
You barely miss the wyvern. You squeeze the wyvern!
The wyvern is moderately wounded.
The wyvern bites you! The wyvern misses you.
You hit the wyvern.
The wyvern is moderately wounded.
The wyvern bites you.
You hit the wyvern but do no damage.
The wyvern is moderately wounded.
The wyvern bites you!
* * * LOW HITPOINT WARNING * * *
You puncture the wyvern!
You pierce the wyvern, but do no damage.
The wyvern is severely wounded.
The wyvern bites you!
You die...

##.....#
#.....#
#.....#
##.##.#
#..#.#
####.#.####
#..........#
#..........#
#@l...>.....
#..........#
#...........
#..........#
#..........#
########.##
.#


You could see a wyvern.

Vanquished Creatures
  An orange crystal statue (D:9)
  An ice statue (D:9)
  An elephant (D:8)
  A centaur skeleton (D:10)
  A spriggan (D:7)
  2 wyverns
  A yak (D:8)
  A basilisk (D:8)
  Grum (D:8)
  Menkaure (D:4)
  An orc warrior (D:8)
  5 ice beasts
  2 phantoms
  4 ogres
  3 wolves
  4 centaurs
  A crocodile (D:7)
  A big kobold (D:8)
  2 bullfrogs
  3 water moccasin zombies (Ossuary)
  3 howler monkeys
  3 hounds
  A bullfrog skeleton (D:7)
  4 orc priests
  11 orc wizards
  3 iguanas (D:7)
  6 worker ants
  A big kobold zombie (Ossuary)
  3 mummies
  2 hound skeletons
  A worker ant zombie (D:8)
  4 gnolls
  6 adders
  3 shadow imps
  An ooze (D:4)
  6 adder zombies
  3 worms
  3 dart slugs
  8 leopard geckos
  48 orcs
  4 bats
  10 giant cockroaches
  2 gnoll zombies (Ossuary)
  11 goblins
  8 hobgoblins
  6 quokkas
  2 frilled lizards
  5 hobgoblin zombies
  16 kobolds
  5 kobold zombies
  5 orc zombies (Ossuary)
  8 rats
239 creatures vanquished.

Notes
Turn   | Place    | Note
-------+----------+-------------------------------------------
     0 | D:1      | Ethylacetat the Octopode Gladiator began the quest for the
                  | Orb.
     0 | D:1      | Reached XP level 1. HP: 14/14 MP: 1/1
   199 | D:1      | Reached XP level 2. HP: 14/19 MP: 2/2
   580 | D:1      | Reached XP level 3. HP: 15/24 MP: 3/3
   716 | D:1      | Reached skill level 4 in Polearms
  1099 | D:2      | Reached skill level 1 in Stealth
  1544 | D:2      | Found an ornate altar of the Wu Jian Council.
  1607 | D:2      | Reached XP level 4. HP: 26/29 MP: 4/4
  2097 | D:3      | HP: 1/29 [gnoll/+0 spear (11)]
  2771 | D:3      | Reached skill level 5 in Polearms
  2771 | D:3      | Reached XP level 5. HP: 33/35 MP: 5/5
  2803 | D:2      | Gained mutation: You tend to lose your temper in combat.
                  | [potion of mutation]
  2803 | D:2      | Gained mutation: Your natural rate of healing is unusually
                  | fast. [potion of mutation]
  2803 | D:2      | Gained mutation: One of your tentacles bears a spike.
                  | [potion of mutation]
  2858 | D:2      | Lost mutation: You tend to lose your temper in combat.
                  | [potion of mutation]
  2858 | D:2      | Gained mutation: You are partially covered in molten
                  | scales. (AC +2) [potion of mutation]
  2858 | D:2      | Gained mutation: Your system is resistant to poisons.
                  | (rPois) [potion of mutation]
  2858 | D:2      | Gained mutation: You have a pair of small antennae on your
                  | head. [potion of mutation]
  3311 | D:3      | You fall into a shaft and drop 2 floors!
  3311 | D:5      | Entered Level 5 of the Dungeon
  3680 | D:4      | Noticed Menkaure
  3687 | D:4      | Killed Menkaure
  3687 | D:4      | Reached skill level 6 in Polearms
  3687 | D:4      | Reached XP level 6. HP: 31/41 MP: 6/6
  3794 | D:4      | Reached XP level 7. HP: 46/46 MP: 7/7
  3972 | D:4      | Reached skill level 7 in Polearms
  4234 | D:5      | Found a staircase to the Ecumenical Temple.
  4268 | Temple   | Entered the Ecumenical Temple
  4309 | Temple   | Became a worshipper of Vehumet
  4367 | D:5      | Learned a level 5 spell: Blade Hands
  4667 | D:5      | Reached skill level 1 in Transmutations
  4673 | D:5      | Reached skill level 1 in Spellcasting
  5005 | D:6      | Reached XP level 8. HP: 54/54 MP: 9/9
  5093 | D:6      | Found a sand-covered staircase.
  5103 | Ossuary  | Entered an ossuary
  5163 | Ossuary  | Reached skill level 8 in Polearms
  5164 | Ossuary  | Reached * piety under Vehumet
  5164 | Ossuary  | Offered knowledge of Magic Dart by Vehumet.
  5977 | D:7      | Offered knowledge of Sandblast by Vehumet.
  6012 | D:7      | Reached ** piety under Vehumet
  6022 | D:7      | Reached XP level 9. HP: 47/60 MP: 13/13
  6087 | D:7      | Reached skill level 5 in Fighting
  6312 | D:7      | Reached skill level 9 in Polearms
  6971 | D:8      | Noticed an elephant
  7162 | D:8      | Found a shattered altar of Ashenzari.
  7221 | D:8      | Offered knowledge of Frozen Ramparts by Vehumet.
  7390 | D:8      | Found a staircase to the Lair.
  7722 | D:8      | Reached skill level 10 in Polearms
  7773 | D:8      | Reached *** piety under Vehumet
  7788 | D:8      | Noticed Grum
  7800 | D:8      | Reached XP level 10. HP: 59/68 MP: 16/16
  7950 | D:8      | Killed Grum
  7950 | D:8      | Reached skill level 5 in Transmutations
  8188 | D:8      | Killed an elephant
  8350 | D:9      | Noticed an orange crystal statue
  8566 | D:9      | Noticed an ice statue
  8587 | D:9      | Reached skill level 5 in Spellcasting
  8801 | D:9      | Found a runed translucent door.
  8807 | D:9      | Noticed a frost giant
  8811 | D:9      | Offered knowledge of Mephitic Cloud by Vehumet.
  9178 | D:9      | Killed an orange crystal statue
  9322 | D:9      | Killed an ice statue
  9322 | D:9      | Reached skill level 11 in Polearms
  9391 | D:10     | Entered Level 10 of the Dungeon
  9430 | D:10     | Found a shimmering altar of Xom.
  9481 | D:10     | Slain by a wyvern

Illustrated notes

Levels and vault maps discovered:
D:1:      kennysheep_arrival_seaside, layout_rooms, minmay_unequal
D:2:      layout_basic, marbit_many_paths
D:3:      minmay_evil_eye, layout_loops_ring, first_ration,
          chequers_serial_rivers_micro_d
D:4:      layout_loops_ring, uniq_menkaure
D:5:      layout_loops_ring, minmay_temple_entry_stoned_glass
D:6:      layout_layer_cave, nicolae_ossuary_entry_giza
D:7:      layout_basic, the_bakery, lemuel_another_geyser
D:8:      layout_basic, david_lair_generic, nicolae_ashenzari_panopticon,
          uniq_grum
D:9:      minmay_separated_statues, layout_long_grid, wad_hexagon
D:10:     layout_basic, basic_altar, kennysheep_boxes, uniq_erolcha, uniq_urug
Temple:   kilobyte_greek_temple

Skill      XL: |  1  2  3  4  5  6  7  8  9 10 |
---------------+-------------------------------+-----
Polearms       | 4 5 6 7 8 10 11 | 11.1
Stealth        | 1 2 3 4 |  4.4
Fighting       | 3 4 6 7 |  7.0
Transmutations | 1 3 4 6 |  6.0
Spellcasting   | 1 3 4 5 |  5.5
Throwing       | |  2.0
Dodging        | |  3.0

Action                   |  1- 3 |  4- 6 |  7- 9 | 10-12 || total
-------------------------+-------+-------+-------+-------++-------
Melee: Trident           |    83 |   156 |   370 |   150 ||   759
       Constrict         |    17 |    24 |    66 |     9 ||   116
       Tentacles         |    15 |    18 |    68 |    32 ||   133
       Kick              |       |    21 |   129 |    50 ||   200
Throw: Throwing net      |       |       |     1 |       ||     1
  Use: Potion            |       |     3 |       |     6 ||     9
 Stab: Sleeping          |     3 |    15 |    19 |     1 ||    38
       Distracted        |       |       |     1 |     1 ||     2
       Held in net/web   |       |       |     1 |       ||     1
  Eat: Chunk             |     2 |     7 |    13 |     4 ||    26
Armor: Skin              |     7 |     7 |    19 |    24 ||    57
Dodge: Dodged            |    42 |    87 |   147 |    92 ||   368
